 Dungeon Crawl Stone Soup version 0.31.0-4-g52a2dc7128 (webtiles) character file.

Game seed: 17361927433677909765

214 TiboBeest the Trooper (level 5, -11/49 HPs)
             Began as a Hill Orc Fighter on Jan 23, 2024.
             Was an Initiate of Beogh.
             Mangled by an ogre
             ... wielding a +0 giant club
              (27 damage)
             ... on level 4 of the Dungeon.
             The game lasted 00:11:16 (1704 turns).

TiboBeest the Trooper (Hill Orc Fighter)            Turns: 1704, Time: 00:11:16

Health: -11/49     AC:  9    Str: 21    XL:     5   Next: 92%
Magic:  5/5        EV:  8    Int:  8    God:    Beogh [......]
Gold:   83         SH:  4    Dex: 10    Spells: 4/4 levels left

rFire   . . .        a - +0 war axe
rCold   . . .        c - +0 buckler
rNeg    . . .        o - +0 chain mail
rPois   .            (helmet currently unavailable)
rElec   .            (cloak currently unavailable)
rCorr   .            (gloves currently unavailable)
SInv    .            (boots currently unavailable)
Will    .....        z - amulet of magic regeneration Stlth
                     (no ring)
HPRegen 0.28/turn    (no ring)
MPRegen 0.49/turn

%: no passive effects
@: beast-form
A: beast (slay +0)
a: Begin Untransformation, Renounce Religion


You were on level 4 of the Dungeon.
You worshipped Beogh.
Beogh was noncommittal.
You were a hulking beast.
You visited 1 branch of the dungeon, and saw 4 of its levels.

You collected 83 gold pieces.

Inventory:

Hand Weapons
 a - a +0 war axe (weapon)
 j - a +0 whip
 l - a +0 mace
 n - a +0 whip
 w - a +0 sling
Missiles
 e - 6 poisoned darts
 g - 15 stones (quivered)
Armour
 b - a +0 scale mail
 c - a +0 buckler (worn)
 f - a +0 ring mail
 h - a +0 robe
 k - a +0 ring mail
 m - a +0 robe
 o - a +0 chain mail (worn)
Magical Staves
 v - a staff of alchemy
Jewellery
 z - an amulet of magic regeneration (around neck)
Talismans
 y - a beast talisman (active)
Scrolls
 r - 2 scrolls of vulnerability
 t - 3 scrolls of immolation
 u - a scroll of fear {unknown}
 x - 2 scrolls of teleportation {unknown}
 B - a scroll of identify {unknown}
 C - a scroll of acquirement {unknown}
 D - a scroll of brand weapon {unknown}
Potions
 d - a potion of might
 i - 2 potions of curing
 p - a potion of degeneration {unknown}
 q - 2 potions of berserk rage {unknown}
 s - a potion of invisibility {unknown}
 A - a potion of haste {unknown}


   Skills:
 + Level 5.6 Fighting
 + Level 4.6 Axes
 + Level 3.9 Armour
 + Level 0.2 Dodging
 + Level 3.9 Shields
 + Level 0.8 Shapeshifting


You had 4 spell levels left.
You didn't know any spells.
Your spell library contained the following spells:

 Spells                   Type           Power      Damage    Failure   Level
 Foxfire                  Conj/Fire      0%         2x1d4     98%         1
 Magic Dart               Conj           0%         1d3       98%         1
 Searing Ray              Conj           0%         2d4       99%         2
 Inner Flame              Hex/Fire       0%         N/A       100%        3
 Fulminant Prism          Conj/Alch      0%         3d5       100%        4
 Irradiate                Conj/Alch      0%         3d11      100%        5
 Plasma Beam              Fire/Air       0%         2x1d10    100%        6
 Starburst                Conj/Fire      0%         6d3       100%        6
 Ignition                 Fire           0%         3d3       100%        8


Dungeon Overview and Level Annotations

Branches:
Dungeon (4/15)
 Temple: D:4-7

Altars:
Yredelemnul

Shops:
D:4 !


Message History

The scorpion is severely wounded.
The scorpion stings you but does no damage.
You barely miss the scorpion.
The scorpion is severely wounded.
The scorpion stings you but does no damage. x2
You slash the scorpion!
You kill the scorpion!
Beogh accepts your kill.
You start resting.
An ogre comes into view. It is wielding a +0 giant club.
You see here a scroll labelled JAMMIST KORAIF.
The ogre shouts!
D - a scroll labelled JAMMIST KORAIF Throw: 18 stones
Press: ? - help, Q - select action, (/) - cycle Shift-Dir - straight line, f - ogre
Aim: an ogre, wielding a +0 giant club (71% to hit)
You throw a stone. The stone hits the ogre.
The ogre is lightly wounded.
Throw: 17 stones
Press: ? - help, Q - select action, (/) - cycle Shift-Dir - straight line, f/p - ogre
Aim: an ogre, wielding a +0 giant club (lightly wounded, 72% to hit)
You throw a stone. The stone hits the ogre.
The ogre is lightly wounded.
Throw: 16 stones
Press: ? - help, Q - select action, (/) - cycle Shift-Dir - straight line, f/p - ogre
Aim: an ogre, wielding a +0 giant club (lightly wounded, 71% to hit)
You throw a stone. The stone hits the ogre.
The ogre is lightly wounded.
You slash the ogre!
The ogre is heavily wounded.
The ogre hits you with a +0 giant club.
You barely miss the ogre.
The ogre is heavily wounded.
The ogre hits you with a +0 giant club!!
* * * LOW HITPOINT WARNING * * *
You feel better.
You feel better.
The ogre hits you with a +0 giant club!!
Ouch! That really hurt!
You die...

..... #.......#..
..........####.<.......
..........#..#....##..#
. ................###..#
..##...................#
........###......###....
.##.....###.......##....
.........##...#####....#
#.hO.....#####..†.#
####..†...........#
##..............
#.............#.
#..............##
..................
.###.........#..... .
..........#.....
##.....##........


You could see an ogre.

Vanquished Creatures
  A scorpion (D:4)
  Jessica (D:2)
  6 adders
  A gnoll (D:1)
  2 ribbon worms
  2 dart slugs
  6 orcs (D:3)
  6 ball pythons
  5 bats
  4 endoplasms
  A giant cockroach (D:1)
  2 goblins
  4 hobgoblins
  2 quokkas (D:1)
  2 frilled lizards
  2 kobolds
  3 rats
50 creatures vanquished.

Vanquished Creatures (others)
  An orc (D:2)
1 creature vanquished.

Grand Total: 51 creatures vanquished

Notes
Turn   | Place    | Note
-------+----------+-------------------------------------------
     0 | D:1      | TiboBeest the Hill Orc Fighter began the quest for the Orb.
     0 | D:1      | Reached XP level 1. HP: 19/19 MP: 1/1
   109 | D:1      | Reached XP level 2. HP: 9/27 MP: 2/2
   338 | D:1      | Reached skill level 4 in Fighting
   386 | D:1      | Reached XP level 3. HP: 31/33 MP: 3/3
   773 | D:2      | Became a worshipper of Beogh the Brigand
   841 | D:2      | Reached XP level 4. HP: 40/41 MP: 4/4
   900 | D:2      | Found a basalt altar of Yredelemnul.
   922 | D:2      | Noticed Jessica
   924 | D:2      | Killed Jessica
   925 | D:2      | Reached skill level 5 in Fighting
  1246 | D:3      | Reached XP level 5. HP: 45/48 MP: 5/5
  1440 | D:4      | Found Annaixzi's Distillery.
  1691 | D:4      | Noticed an ogre
  1704 | D:4      | Mangled by an ogre

Illustrated notes

Levels and vault maps discovered:
D:1:      grunt_arrival_lava_bath, layout_rooms
D:2:      minmay_door_path, layout_basic, basic_altar, uniq_jessica
D:3:      layout_basic
D:4:      layout_cave_pools, chequers_temple_overflow_statue_of_worship,
          serial_shops, nicolae_take_the_stairs

Skill      XL: |  1  2  3  4  5 |
---------------+----------------+-----
Axes           | 3 4 |  4.6
Fighting       | 4 5 |  5.6
Armour         | |  3.9
Dodging        | |  0.2
Shields        | |  3.9
Shapeshifting  | |  0.8

Action                     |  1- 3 |  4- 6 || total
---------------------------+-------+-------++-------
  Melee: War axe           |    87 |    78 ||   165
  Throw: Stone             |       |     9 ||     9
 Invoke: Convert to Beogh  |     1 |       ||     1
    Use: Scroll            |     1 |     2 ||     3
         Potion            |     1 |     2 ||     3
 Armour: Scale mail        |    27 |       ||    27
         Chain mail        |    67 |    88 ||   155
  Dodge: Dodged            |    41 |    49 ||    90
  Block: Buckler           |    28 |    22 ||    50
   Form: Beast             |       |     1 ||     1
